 Dungeon Crawl Stone Soup version 0.32-a0-19-g28bc083 (webtiles) character file.

Game seed: 2630102163355343809

88 Dorkslayer the Ruffian (level 4, 0/28 HPs)
             Began as an Octopode Shapeshifter on Jan 17, 2024.
             Slain by a goblin
             ... wielding a +0 club
              (4 damage)
             ... on level 3 of the Dungeon.
             The game lasted 00:02:35 (1240 turns).

Dorkslayer the Ruffian (Octopode Shapeshifter)      Turns: 1240, Time: 00:02:35

Health: 0/28       AC:  1    Str: 15    XL:     4   Next: 53%
Magic:  4/4        EV: 13    Int: 12    God:
Gold:   118        SH:  0    Dex: 11    Spells: 3/3 levels left

rFire   . .          .
                       - Unarmed
rCold   . . .        (no shield)
rNeg    . . .        (helmet currently unavailable)
rPois   .            (no amulet)
rElec   .            (no ring)
rCorr   .            (no ring)
SInv    .            (no ring)
Will    .....        (no ring)
Stlth   +++          (no ring)
HPRegen 0.24/turn    (no ring)
MPRegen 0.09/turn    (no ring)
                     (no ring)

%: no passive effects
@: beast-form
A: beast (slay +2), almost no armour, amphibious, 8 rings, camouflage 1,
gelatinous body 1, (nimble swimmer 1), tentacles
a: Begin Untransformation


You were on level 3 of the Dungeon.
You were a hulking beast.
You visited 1 branch of the dungeon, and saw 3 of its levels.

You collected 118 gold pieces.

Inventory:

Missiles
 f - 2 throwing nets (quivered)
Talismans
 b - a beast talisman
 c - a flux talisman
Scrolls
 e - a scroll of teleportation
Potions
 a - a potion of lignification
 d - a potion of curing {unknown}
 g - 2 potions of attraction
 h - a potion of brilliance {unknown}
 i - a potion of enlightenment {unknown}
 j - a potion of heal wounds


   Skills:
 + Level 1.0 Fighting
 + Level 2.1 Dodging
 + Level 2.1 Stealth
 * Level 4.2 Unarmed Combat
 + Level 3.6 Shapeshifting


You had 3 spell levels left.
You didn't know any spells.
Your spell library contained the following spells:

 Spells                   Type           Power      Damage    Failure   Level
 Necrotise                Necr           0%         1d4       32%         1
 Slow                     Hex            0%         N/A       32%         1
 Static Discharge         Conj/Air       0%         3-3/arc   45%         2
 Confusing Touch          Hex            0%         N/A       69%         3
 Sigil of Binding         Hex            0%         N/A       69%         3
 Summon Ice Beast         Ice/Summ       0%         N/A       69%         3
 Vampiric Draining        Necr           0%         2d6       69%         3
 Airstrike                Air            0%         2d(0-16)  97%         4
 Martyr's Knell           Necr/Summ      0%         N/A       97%         4
 Summon Lightning Spire   Summ/Air       0%         N/A       97%         4
 Curse of Agony           Necr           0%         N/A       100%        5
 Summon Mana Viper        Hex/Summ       0%         N/A       100%        5
 Conjure Ball Lightning   Conj/Air       0%         3x3d6     100%        6
 Monstrous Menagerie      Summ           0%         N/A       100%        7
 Discord                  Hex            0%         N/A       100%        8
 Disjunction              Tloc           0%         N/A       100%        8


Dungeon Overview and Level Annotations

Branches:
Dungeon (3/15)

Altars:
Xom


Innate Abilities, Weirdness & Mutations

You are a hulking beast.
Your limbs bulge with bestial killing power. (Slay +2)
You cannot wear most types of armour.
You are amphibious.
You can wear up to eight rings at the same time.
Your skin changes colour to match your surroundings (Stealth+).
Your rubbery body absorbs attacks. (AC +1, EV +1)
((You are camouflaged when in or above water. (Stealth+)))
You have tentacles for arms and can constrict up to eight enemies at once.


Message History

The gnoll shouts!
You bludgeon the gnoll! Your grab misses the gnoll.
The gnoll is severely wounded.
You hear a shout! x2; The goblin shouts!
You hear a shout!
You tentacle-slap the gnoll.
You kill the gnoll!
The gnoll barely misses you.
A gnoll comes into view. It is wielding a +0 spear.
Your Stealth skill increases to level 2!
A gnoll comes into view. It is wielding a +0 whip.
The gnoll hits you from afar with a +0 spear.
You tentacle-slap the gnoll. You grab the gnoll.
The gnoll is moderately wounded.
You constrict the gnoll.
The gnoll hits you from afar with a +0 spear.
The gnoll hits you with a +0 club.
A hobgoblin comes into view.
You tentacle-slap the gnoll.
The gnoll is almost dead.
You constrict the gnoll.
You kill the gnoll!
The gnoll hits you from afar with a +0 spear.
A goblin comes into view. It is wielding a +0 dagger.
The gnoll completely misses you.
You see here 2 throwing nets.
f - 2 throwing nets The goblin hits you with a +0 club.
The gnoll closely misses you.
Found a long sword.
The gnoll hits you from afar with a +0 spear.
* * * LOW HITPOINT WARNING * * *
The gnoll attacks as it pursues you! The gnoll closely misses you.
There is a stone staircase leading down here.
You open the door. The goblin misses you. The goblin attacks as it pursues you!
The goblin hits you with a +0 club.
* * * LOW HITPOINT WARNING * * *
The hobgoblin attacks as it pursues you!
The hobgoblin misses you.
There is an open door here.
The goblin hits you with a +0 club.
You die...

#.# #.# #.# #.#
#.# ### #.# .. ##
#.#.. #.#.
#h#.#####
#.#.##g#...g.)
#.#...g...#
#.##gg....####
####.##..........
#..g.##.......###
##..........+
#.)..##.....#
#....########


You could see 2 gnolls, a hobgoblin and a goblin.

Vanquished Creatures
  2 gnolls (D:3)
  2 adders (D:2)
  3 dart slugs (D:1)
  6 bats
  3 endoplasms
  A giant cockroach (D:2)
  8 goblins
  8 hobgoblins
  A ball python (D:2)
  3 frilled lizards
  3 kobolds
  4 rats
44 creatures vanquished.

Notes
Turn   | Place    | Note
-------+----------+-------------------------------------------
     0 | D:1      | Dorkslayer the Octopode Shapeshifter began the quest for
                  | the Orb.
     0 | D:1      | Reached XP level 1. HP: 13/13 MP: 1/1
   184 | D:1      | Reached XP level 2. HP: 18/18 MP: 2/2
   575 | D:1      | Reached skill level 1 in Stealth
   583 | D:1      | Reached XP level 3. HP: 21/23 MP: 3/3
   975 | D:2      | Found a shimmering altar of Xom.
  1001 | D:2      | Found a faded altar of an unknown god.
  1015 | D:2      | Reached skill level 4 in Unarmed Combat
  1015 | D:2      | Reached XP level 4. HP: 27/28 MP: 4/4
  1240 | D:3      | Slain by a goblin

Illustrated notes

Levels and vault maps discovered:
D:1:      psy_arrival_fountain, layout_loops_corners, minmay_tetromino_s2
D:2:      layout_rooms, ebering_ecumenical_altar_mist, basic_altar
D:3:      layout_basic, cheibrodos_sewer_entry_bend, minmay_door_square,
          minivault_4

Skill      XL: |  1  2  3  4 |
---------------+-------------+-----
Stealth        | 1 2 |  2.1
Unarmed Combat | 4 |  4.2
Fighting       | |  1.0
Dodging        | |  2.1
Shapeshifting  | |  3.6

Action                     |  1- 3 |  4- 6 || total
---------------------------+-------+-------++-------
  Melee: Unarmed           |    52 |    11 ||    63
         Constrict         |    15 |     2 ||    17
         Tentacles         |     8 |     1 ||     9
         Punch             |     1 |       ||     1
    Use: Scroll            |       |     4 ||     4
   Stab: Sleeping          |    12 |     2 ||    14
 Armour: Skin              |    16 |     8 ||    24
  Dodge: Dodged            |    27 |    10 ||    37

Table legend: (Time is in decaauts)
 A = Elapsed time spent in this place.
 B = Non-inter-level travel time spent in this place.
 C = Inter-level travel time spent in this place.
 D = Time resting spent in this place.
 E = Time spent auto-exploring this place.
 F = Levels seen in this place.
 G = Mean time per level.
                   A        B        C        D        E       F      G
               +--------+--------+--------+--------+--------+-----+--------+
         Total |   1235 |   1235 |      0 |      0 |    818 |   3 |  411.7 |
       Dungeon |   1235 |   1235 |      0 |      0 |    818 |   3 |  411.7 |
               +--------+--------+--------+--------+--------+-----+--------+

Top non-repeatable levels by time:
     D:1: 882 daAuts
     D:2: 327 daAuts
     D:3: 26 daAuts
